 Dungeon Crawl Stone Soup version 0.26-a0-1026-g544776af23 (webtiles) character file.

Game seed: 1402568868253611499

97 lunkers the Cutter (level 4, 0/24 HPs)
             Began as a Vine Stalker Fighter on Dec 9, 2020.
             Slain by a gnoll
             ... wielding a +0 spear
              (7 damage)
             ... on level 2 of the Dungeon.
             The game lasted 00:02:34 (1517 turns).

lunkers the Cutter (Vine Stalker Fighter)           Turns: 1517, Time: 00:02:35

Health: 0/24       AC:  6    Str: 20    XL:     4   Next: 68%
Magic:  0/5        EV:  7    Int:  8    God:
Gold:   30         SH:  9    Dex: 13    Spells: 3/3 levels left

rFire    . . .     SeeInvis .   a - +0 rapier
rCold    . . .     Faith    .   c - +0 kite shield
rNeg     . . .     Spirit   +   b - +0 scale mail
rPois    .         Reflect  .   (no helmet)
rElec    .         Harm     .   (no cloak)
rCorr    .         Rampage  .   (no gloves)
Will     .....                  (no boots)
Stlth    ..........             (no amulet)
HPRegen  0.48/turn              (no ring)
MPRegen  0.09/turn              (no ring)

@: no status effects
A: fangs 2, regeneration 1, magic shield, antimagic bite, no potion heal 3, rot
immunity
a: no special abilities


You were on level 2 of the Dungeon.
You visited 1 branch of the dungeon, and saw 2 of its levels.

You collected 30 gold pieces.

Inventory:

Hand Weapons
 a - a +0 rapier (weapon)
Armour
 b - a +0 scale mail (worn)
 c - a +0 kite shield (worn)
Jewellery
 i - a +6 ring of strength {unknown}
Scrolls
 e - 3 scrolls of identify {unknown}
 f - a scroll of noise {unknown}
 g - 3 scrolls of remove curse
 h - a scroll of teleportation {unknown}
Potions
 d - 2 potions of might


   Skills:
 + Level 3.4 Fighting
 * Level 3.6 Short Blades
 - Level 2.4 Armour
 - Level 2.6 Shields


You had 3 spell levels left.
You didn't know any spells.
Your spell library was empty.

Dungeon Overview and Level Annotations

Branches:
Dungeon (2/15)

Altars:
Qazlal


Innate Abilities, Weirdness & Mutations

You have extremely sharp teeth.
Your natural rate of healing is unusually fast.
When hurt, damage is shared between your health and your magic reserves.
Your bite disrupts and absorbs the magic of your enemies.
Potions cannot restore your health.
You are immune to rotting.


Message History

You hit the frilled lizard but do no damage.
The frilled lizard closely misses you.
You hit the frilled lizard.
You kill the frilled lizard!
The gnoll barely misses you.
You hit the gnoll. Your bite misses the gnoll.
The gnoll is moderately wounded.
The gnoll hits you from afar with a +0 halberd!
Ouch! That really hurt!
* * * LOW HITPOINT WARNING * * *
The gnoll barely misses you. You block the gnoll's attack.
The gnoll hits you with a cursed +0 whip.
* * * LOW HITPOINT WARNING * * *
You block the gnoll's attack. The gnoll hits you with a +0 spear.
* * * LOW HITPOINT WARNING * * *
A hobgoblin comes into view.
The gnoll hits you from afar with a +0 spear!
* * * LOW MAGIC WARNING * * *
You die...

# .. ...
############# ....
#...........#
.....##.#########.#
.g.....g........#.##
...<...gg@....#.†..#
......#g#####.#..###
..... #.# #.#....#
.#.. #.# #.###### #.
#.# #.# .. #.# #.# .
#.. #.# ... #.# #.#


You could see 4 gnolls.

Vanquished Creatures
  5 adders (D:2)
  A worm (D:2)
  2 dart slugs
  A leopard gecko (D:1)
  A ball python (D:1)
  6 bats
  A giant cockroach (D:2)
  7 goblins
  5 hobgoblins
  2 jackals (D:1)
  6 kobolds
  3 frilled lizards
  5 rats
45 creatures vanquished.

Notes
Turn   | Place    | Note
-------+----------+-------------------------------------------
     0 | D:1      | lunkers the Vine Stalker Fighter began the quest for the
                  | Orb.
     0 | D:1      | Reached XP level 1. HP: 11/11 MP: 2/2
    29 | D:1      | Reached XP level 2. HP: 7/16 MP: 1/3
   553 | D:1      | Reached XP level 3. HP: 12/20 MP: 4/4
  1087 | D:2      | Gained mutation: Your natural rate of healing is unusually
                  | fast. [Vine Stalker growth]
  1087 | D:2      | Reached XP level 4. HP: 17/24 MP: 5/5
  1258 | D:2      | Found a stormy altar of Qazlal.
  1426 | D:2      | Found a faded altar of an unknown god.
  1517 | D:2      | Slain by a gnoll

Illustrated notes

Levels and vault maps discovered:
D:1:      psy_arrival_radial01, layout_rooms, minmay_indecisive_spiral
D:2:      layout_basic, grunt_qazlal_sundering, chequers_ecumenical_altar_grove,
          minmay_between

Skill      XL: |  1  2  3 |
---------------+----------+-----
Short Blades   | 2 3 |  3.6
Fighting       | 3 |  3.4
Armour         | |  2.4
Shields        | |  2.6

Action                   |  1- 3 |  4- 6 || total
-------------------------+-------+-------++-------
Melee: Rapier            |    71 |    49 ||   120
       Bite              |    15 |    10 ||    25
  Use: Scroll            |     1 |       ||     1
Armor: Scale mail        |    33 |    19 ||    52
       Plate armour      |     2 |       ||     2
Dodge: Dodged            |    21 |    18 ||    39
Block: Kite shield       |    52 |    28 ||    80

Table legend: (Time is in decaauts)
 A = Elapsed time spent in this place.
 B = Non-inter-level travel time spent in this place.
 C = Inter-level travel time spent in this place.
 D = Time resting spent in this place.
 E = Time spent auto-exploring this place.
 F = Levels seen in this place.
 G = Mean time per level.
                   A        B        C        D        E       F      G
               +--------+--------+--------+--------+--------+-----+--------+
         Total |   1534 |   1513 |     21 |    284 |    950 |   2 |  767.0 |
       Dungeon |   1534 |   1513 |     21 |    284 |    950 |   2 |  767.0 |
               +--------+--------+--------+--------+--------+-----+--------+

Top non-repeatable levels by time:
     D:1: 841 daAuts
     D:2: 692 daAuts
